 Dungeon Crawl Stone Soup version 0.30-a0-672-gc3a7216ad8 (console) character file.

Game seed: 13022049163872497411

221 petzl the Sneak (level 6, -7/47 HPs)
             Began as a Formicid Delver on Jan 18, 2023.
             Mangled by a red ugly thing (20 damage)
             ... summoned by a boggart
             ... on level 15 of the Dungeon.
             The game lasted 00:14:19 (1273 turns).

petzl the Sneak (Formicid Delver)                   Turns: 1273, Time: 00:14:20

Health: -7/47      AC:  4    Str: 16    XL:     6   Next: 19%
Magic:  13/13      EV: 12    Int: 12    God:
Gold:   126        SH:  0    Dex: 15    Spells: 14/14 levels left

rFire   . . .      SeeInvis +    h - +0 quarterstaff
rCold   . . .      Faith    .    (no shield)
rNeg    . . .      Spirit   .    b - +0 leather armour
rPois   .          Reflect  .    (helmet unavailable)
rElec   .          Harm     .    (no cloak)
rCorr   .          Rampage  .    m - +0 pair of gloves
Will    .....                    (no boots)
Stlth   +++                      (no amulet)
HPRegen 0.27/turn                (no ring)
MPRegen 0.13/turn                (no ring)

@: no status effects
A: permanent stasis, dig shafts and tunnels, antennae 3, four strong arms
a: Dig, Shaft Self


You were on level 15 of the Dungeon.
You visited 1 branch of the dungeon, and saw 9 of its levels.

You collected 126 gold pieces.

Inventory:

Hand Weapons
 a - a +0 mace
 e - a +0 shortbow of electrocution
 f - a +1 shortbow of draining
 h - a +0 quarterstaff (weapon)
Missiles
 n - 4 stones
Armour
 b - a +0 leather armour (worn)
 i - a +0 kite shield
 m - a +0 pair of gloves (worn)
 p - a +0 buckler
Wands
 g - a wand of digging (3)
Scrolls
 d - a scroll of magic mapping
 s - a scroll of amnesia
Potions
 j - a potion of brilliance {unknown}
 q - a potion of might {unknown}


   Skills:
 - Level 3.2 Fighting
 - Level 2.0 Maces & Flails
 - Level 1.7 Dodging
 - Level 6.0 Stealth
 + Level 3.5 Shields
 + Level 4.6 Spellcasting


You had 14 spell levels left.
You didn't know any spells.
Your spell library was empty.

Dungeon Overview and Level Annotations

Branches:
Dungeon (15/15)
 Temple: D:4-7         Lair: D:8-11         Orc: D:9-12      Vaults: D:13-14
 Depths: D:15

Altars:
Uskayaw

Annotations:
D:5 1 runed translucent door, Crazy Yiuf, Edmund
D:7 Dowan, Duvessa
D:11 exclusion: troll


Innate Abilities, Weirdness & Mutations

You cannot be hasted, slowed, berserked, paralysed or teleported.
You can dig through walls and to a lower floor.
You have a pair of large antennae on your head. (SInv)
Your four strong arms can wield two-handed weapons with a shield.


Message History

a +0 shortbow; a centaur corpse
e - a +0 shortbow A boggart comes into view.
The boggart shouts!
The boggart casts a spell.
The boggart flickers and vanishes for a moment.
Things that are here:
a +1 shortbow of draining; a centaur corpse
f - a +1 shortbow of draining A boggart comes into view.
The boggart moves out of view.
You see here a centaur corpse.
The boggart mumbles some strange words.
The boggart casts a spell.
The boggart flickers and vanishes for a moment.
The teleport trap disappears.
The red ugly thing disappears!
As you read the scroll of fog, it crumbles to dust.
The scroll dissolves into smoke.
The red ugly thing attacks as you move away!
The red ugly thing barely misses you.
Okay, then.
Okay, then.
Okay, then.
Unknown command.
Okay, then.
Unknown command.
Unknown command.
Unknown command.
As you read the scroll labelled EGUTZI KAHODO, it crumbles to dust.
It is a scroll of brand weapon.
Your +0 shortbow crackles with electricity.
e - a +0 shortbow of electrocution The red ugly thing claws you but does no damage.
As you read the scroll labelled ZANAIM BYCKYOKE, it crumbles to dust.
It is a scroll of identify.
s - a scroll of amnesia The red ugly thing claws you.
* * * LOW HITPOINT WARNING * * *
You are engulfed in flames!!
You die...

#.# #.# #.# ..#
#.# #.# #§# #@#
#u# #g#
##.####§########
.....§§§§§......
#######§§######
#....# #.##.#
#####.##g# #
#...#.##.# ###.Q
#.#.#...##{#
...$.
####.#...####{#
{
.............g##
.##...........#
# ####.######.#
#.#####.# #.#
#.......# #.#
######### #†#
#†#


You could see a red ugly thing (summoned) and a boggart (invisible).

Vanquished Creatures
  2 centaurs (D:15)
  A hound (D:5)
  An orc wizard (D:6)
  An adder (D:5)
  A quokka (D:5)
6 creatures vanquished.

Vanquished Creatures (others)
  4 withered plants (D:15)
4 creatures vanquished.

Grand Total: 10 creatures vanquished

Notes
Turn   | Place    | Note
-------+----------+-------------------------------------------
     0 | D:5      | petzl the Formicid Delver began the quest for the Orb.
     0 | D:5      | Reached XP level 1. HP: 18/18 MP: 1/1
    49 | D:5      | Noticed an iguana
   131 | D:5      | Noticed Edmund
   161 | D:5      | Reached skill level 1 in Spellcasting
   161 | D:5      | Reached XP level 2. HP: 24/24 MP: 1/4
   257 | D:7      | Noticed Duvessa
   257 | D:7      | Noticed Dowan
   257 | D:7      | Noticed a centaur
   348 | D:6      | Noticed a steam dragon
   417 | D:5      | Found a runed translucent door.
   418 | D:5      | Noticed Crazy Yiuf
   480 | D:5      | Reached XP level 3. HP: 17/29 MP: 4/7
   627 | D:6      | Reached XP level 4. HP: 6/35 MP: 7/9
   629 | D:6      | You fall into a shaft and drop 1 floor!
   690 | D:7      | Noticed a phantom
   696 | D:7      | You fall into a shaft and drop 3 floors!
   696 | D:10     | Entered Level 10 of the Dungeon
   805 | D:10     | Noticed a two-headed ogre
   812 | D:10     | You fall into a shaft and drop 1 floor!
   838 | D:11     | Noticed a troll
   865 | D:11     | Noticed a troll
   982 | D:11     | Noticed a yak
   983 | D:11     | Noticed a yak
  1071 | D:12     | Noticed a wraith
  1073 | D:12     | Noticed a kobold demonologist
  1088 | D:13     | Noticed a vampire mosquito
  1088 | D:13     | Noticed a vampire mosquito
  1088 | D:13     | Noticed a vampire mosquito
  1088 | D:13     | Noticed a vampire mosquito
  1088 | D:13     | Noticed a kobold brigand
  1089 | D:13     | Noticed a kobold demonologist
  1089 | D:13     | Noticed a kobold brigand
  1091 | D:13     | Noticed a kobold demonologist
  1092 | D:13     | Noticed a red devil
  1092 | D:13     | You fall into a shaft and drop 2 floors!
  1092 | D:15     | Entered Level 15 of the Dungeon
  1092 | D:15     | Found a hide-covered altar of Uskayaw.
  1143 | D:15     | Noticed a tengu warrior
  1182 | D:15     | Noticed a basilisk
  1189 | D:14     | Noticed a meliai
  1189 | D:14     | Noticed a meliai
  1189 | D:14     | Noticed a meliai
  1201 | D:14     | Noticed a +5 long sword
  1203 | D:14     | Noticed a gargoyle
  1213 | D:14     | You fall into a shaft and drop 1 floor!
  1239 | D:15     | Noticed a centaur
  1243 | D:15     | Noticed a centaur
  1245 | D:15     | Noticed a centaur
  1246 | D:15     | Killed a centaur
  1246 | D:15     | Killed a centaur
  1247 | D:15     | Reached XP level 5. HP: 9/41 MP: 10/12
  1247 | D:15     | Reached XP level 6. HP: 10/47 MP: 10/13
  1251 | D:15     | Noticed a boggart
  1253 | D:15     | Noticed a boggart
  1257 | D:15     | Noticed a red ugly thing
  1257 | D:15     | Noticed a red ugly thing
  1257 | D:15     | Noticed a red ugly thing
  1257 | D:15     | Noticed a red ugly thing
  1273 | D:15     | Mangled by a red ugly thing

Illustrated notes

Levels and vault maps discovered:
D:5:      layout_loops_corners, grunt_dithmenos_smoke_and_mirrors, st_stairs_6,
          reono_crystal_passage, nicolae_take_the_stairs, uniq_sigmund,
          uniq_edmund, uniq_crazy_yiuf_cottage
D:6:      layout_basic, mainiacjoe_overflow_alcove_4, temple_fountains
D:7:      layout_basic, serial_shops,
          nicolae_shop_temple_entry_statues_fountains, uniq_pikel, uniq_maggie,
          uniq_duvessa
D:10:     layout_loops_ring, fedhas_altar_fruit_tree, evilmike_minifort
D:11:     cheibrodos_barr_body, layout_basic, due_lair_maze_entry_diamond,
          orc_0_dummy, special_room [special_room_kobold],
          gauntlet_entry_generic
D:12:     layout_loops_ring
D:13:     layout_roguey, maelrawn_ghost_gauntlet_escape, minmay_misc_feat_plants
D:14:     layout_basic, erik_vaults_1, ebering_ghost_inner_flame,
          nicolae_hepliaklqana_hazy_memory
D:15:     gammafunk_depths_entry_grave, layout_loops_ring,
          nicolae_uskayaw_murder_on_the_dancefloor, led_sif_pool

Skill      XL: |  1  2  3  4 |
---------------+-------------+-----
Spellcasting   | 1 3 4 |  4.6
Shields        | 3 |  3.5
Fighting       | |  3.2
Maces & Flails | |  2.0
Dodging        | |  1.7
Stealth        | |  6.0

Action                   |  1- 3 |  4- 6 || total
-------------------------+-------+-------++-------
Melee: Mace              |     5 |       ||     5
       Quarterstaff      |    20 |       ||    20
 Abil: Shaft Self        |       |     5 ||     5
       Dig               |       |     2 ||     2
Evoke: Wand              |       |     3 ||     3
  Use: Potion            |       |     1 ||     1
       Scroll            |       |     4 ||     4
 Stab: Sleeping          |     1 |       ||     1
Armor: Leather armour    |     4 |     2 ||     6
Dodge: Dodged            |    14 |     6 ||    20

Table legend: (Time is in decaauts)
 A = Elapsed time spent in this place.
 B = Non-inter-level travel time spent in this place.
 C = Inter-level travel time spent in this place.
 D = Time resting spent in this place.
 E = Time spent auto-exploring this place.
 F = Levels seen in this place.
 G = Mean time per level.
                   A        B        C        D        E       F      G
               +--------+--------+--------+--------+--------+-----+--------+
         Total |   1277 |   1277 |      0 |    259 |    228 |   9 |  141.9 |
       Dungeon |   1277 |   1277 |      0 |    259 |    228 |   9 |  141.9 |
               +--------+--------+--------+--------+--------+-----+--------+

Top non-repeatable levels by time:
     D:5: 343 daAuts
     D:6: 290 daAuts
    D:11: 250 daAuts
    D:15: 152 daAuts
    D:10: 115 daAuts
     D:7: 68 daAuts
    D:14: 27 daAuts
    D:12: 24 daAuts
    D:13: 3 daAuts
